 Dungeon Crawl Stone Soup version 0.26-a0-612-gd4d190f45e (webtiles) character file.

Game seed: 2622478607766234026

4 Colgate the Sneak (level 1, -2/11 HPs)
             Began as a Spriggan Delver on Sept 10, 2020.
             Was an Initiate of Ru.
             Killed from afar by an orc wizard (5 damage)
             ... with a magic dart
             ... on level 3 of the Dungeon.
             The game lasted 00:03:52 (259 turns).

Colgate the Sneak (Spriggan Delver)                  Turns: 259, Time: 00:03:53

Health: -2/11      AC:  2    Str:  8    XL:     1   Next: 50%
Magic:  2/2        EV: 18    Int: 11    God:    Ru [......]
Gold:   36         SH:  0    Dex: 17    Spells: 0/0 levels left

rFire    . . .     SeeInvis +   j - +0 dagger (flame)
rCold    . . .     Faith    .   (shield restricted)
rNeg     . . .     Spirit   .   b - +0 robe
rPois    .         Reflect  .   (helmet restricted)
rElec    .         Harm     .   (no cloak)
rCorr    .                      (gloves unavailable)
MR       .....                  (boots unavailable)
Stlth    ++........             (no amulet)
HPRegen  0.03/turn              (no ring)
MPRegen  0.08/turn              (no ring)

@: confused, very quick
A: very small, unfitting armour, see invisible, speed 3
a: Renounce Religion


You were on level 3 of the Dungeon.
You worshipped Ru.
Ru was noncommittal.
You visited 1 branch of the dungeon, and saw 3 of its levels.

You collected 36 gold pieces.

Inventory:

Hand Weapons
 a - a +0 short sword
 j - a +0 dagger of flaming (weapon)
Missiles
 i - 16 stones (quivered)
 k - 36 arrows
Armour
 b - a +0 robe (worn)
Wands
 g - a wand of digging (3)
Scrolls
 c - a scroll of fog
 d - a scroll of magic mapping
 e - a scroll of fear
 h - 2 scrolls of teleportation {unknown}
Potions
 f - a potion of haste


   Skills:
 - Level 2.4 Fighting
 - Level 2.1 Short Blades
 - Level 3.0 Dodging
 + Level 7.6 Stealth


You couldn't memorise any spells.
You didn't know any spells.
Your spell library was empty.

Dungeon Overview and Level Annotations

Branches:
Dungeon (5/15)
 Temple: D:4-7

Altars:
Cheibriados
Gozag
Makhleb
Ru
Zin


Innate Abilities, Weirdness & Mutations

You are very small and have problems with some larger weapons.
You are too small for most types of armour.
You have supernaturally acute eyesight. (SInv)
You cover ground extremely quickly.


Message History

The weapon returns to the orc!
The orc throws a boomerang.
The boomerang completely misses you.
The weapon returns to the orc!
A giant cockroach comes into view.
An orc comes into view. It is wielding a +0 dagger.
A hobgoblin comes into view.
The helpless giant cockroach fails to defend itself.
You impale the giant cockroach!! You burn the giant cockroach.
You kill the giant cockroach!
The hobgoblin shouts!
You hear a shout!
The orc shouts!
You hear a shout!
You hear an angry hiss.
You hear a shout! x2
The orc wizard gestures at you while chanting.
You are confused.
An orc comes into view. It is wielding a +0 flail.
The orc throws a boomerang.
The boomerang hits you.
* * * LOW HITPOINT WARNING * * *
The weapon returns to the orc!
The orc wizard casts a spell at you. The magic dart hits you.
You die...

.##### #<.!..##.....###
..... #..............##
#...##..<.##......#...
#...#..#.$o....#....##
###.....##............#
........o............##
###...o.#[.#####.....#
....###.##.### #.....#
..####.###@.####2 ##....###
....o...g....#.#####......#
....#o#####.##.._..##..##..
# .. ....#...#....###. ##
#...+...+........
#..#...#..#..##.
###._.#####.##. ######.
#.##. #A #.#.##.


You could see an orc wizard, 3 orcs and a hobgoblin.

Vanquished Creatures
  A leopard gecko (D:3)
  A giant cockroach (D:3)
  A frilled lizard (D:4)
3 creatures vanquished.

Notes
Turn   | Place    | Note
-------+----------+-------------------------------------------
     0 | D:5      | Colgate the Spriggan Delver began the quest for the Orb.
     0 | D:5      | Reached XP level 1. HP: 11/11 MP: 2/2
    25 | D:5      | Found a sacrificial altar of Ru.
    28 | D:5      | Became a worshipper of Ru the Awakened
    30 | D:5      | Found a snail-covered altar of Cheibriados.
    30 | D:5      | Found an opulent altar of Gozag.
    88 | D:5      | Noticed an orc priest
   208 | D:3      | Found a burning altar of Makhleb.
   215 | D:3      | Found a glowing silver altar of Zin.
   215 | D:3      | Noticed an angel
   216 | D:3      | Noticed a balrug
   237 | D:3      | Noticed an orc wizard
   259 | D:3      | Killed from afar by an orc wizard

Illustrated notes

Levels and vault maps discovered:
D:3:      layout_rooms, grunt_temple_overflow_order_and_chaos_2,
          gammafunk_ghost_icy
D:4:      minmay_octagon_keep, layout_loops_ring, elyvilon_altar_3,
          serial_shops, nicolae_shop_waterfront, shop, shop_fountains
D:5:      kennysheep_spiral_hall, layout_basic, minitemple, serial_shops,
          nicolae_shop_stone, uniq_menkaure

Action                   || total
-------------------------++-------
Melee: Dagger            ||     5
Throw: Stone             ||     2
 Stab: Sleeping          ||     1
Dodge: Dodged            ||     8

Table legend: (Time is in decaauts)
 A = Elapsed time spent in this place.
 B = Non-inter-level travel time spent in this place.
 C = Inter-level travel time spent in this place.
 D = Time resting spent in this place.
 E = Time spent auto-exploring this place.
 F = Levels seen in this place.
 G = Mean time per level.
                   A        B        C        D        E       F      G
               +--------+--------+--------+--------+--------+-----+--------+
         Total |    163 |    163 |      0 |      0 |    108 |   3 |   54.3 |
       Dungeon |    163 |    163 |      0 |      0 |    108 |   3 |   54.3 |
               +--------+--------+--------+--------+--------+-----+--------+

Top non-repeatable levels by time:
     D:5: 78 daAuts
     D:3: 49 daAuts
     D:4: 35 daAuts
